 Dungeon Crawl Stone Soup version 0.30-a0-1066-g63dfefce0d (webtiles) character file.

Game seed: 5779345219619926161

454 Arzdou the Chopper (level 7, -1/60 HPs)
             Began as a Hill Orc Fighter on Apr 12, 2023.
             Was a Follower of Beogh.
             Slain by an ogre
             ... wielding a +0 giant club
              (13 damage)
             ... on level 4 of the Dungeon.
             The game lasted 00:09:04 (3957 turns).

Arzdou the Chopper (Hill Orc Fighter)               Turns: 3957, Time: 00:09:05

Health: -1/60      AC: 12    Str: 21    XL:     7   Next: 5%
Magic:  8/8        EV:  6    Int:  8    God:    Beogh [*.....]
Gold:   181        SH:  5    Dex: 16    Spells: 6/6 levels left

rFire   . . .      SeeInvis .    a - +3 war axe (elec)
rCold   . . .      Faith    .    c - +0 buckler
rNeg    . . .      Spirit   .    l - +0 plate armour
rPois   .          Reflect  .    (no helmet)
rElec   .          Rampage  .    (no cloak)
rCorr   .                        (no gloves)
Will    .....                    (no boots) Stlth
                                 m - amulet of regeneration
HPRegen 1.10/turn                d - +6 ring of dexterity
MPRegen 0.11/turn                (no ring)

@: attractive
A: no striking features
a: Renounce Religion


You were on level 4 of the Dungeon.
You worshipped Beogh.
Beogh was aware of your devotion.
You visited 1 branch of the dungeon, and saw 5 of its levels.

You collected 181 gold pieces.

Inventory:

Hand Weapons
 a - a +3 war axe of electrocution (weapon)
 v - a +0 war axe
Missiles
 g - 2 throwing nets
 h - 25 stones (quivered)
Armour
 b - a +0 scale mail
 c - a +0 buckler (worn)
 l - a +0 plate armour (worn)
Jewellery
 d - a +6 ring of dexterity (left hand)
 i - an amulet of guardian spirit
 m - an amulet of regeneration (around neck)
 o - a ring of positive energy
Wands
 q - a wand of flame (17)
Scrolls
 n - 4 scrolls of identify
Potions
 e - a potion of mutation {unknown}
 f - a potion of magic {unknown}
 j - 2 potions of haste
 p - 2 potions of lignification {unknown}
 r - a potion of cancellation {unknown}
 t - a potion of invisibility {unknown}


   Skills:
 + Level 4.5 Fighting
 * Level 7.3 Axes
 + Level 0.8 Throwing
 + Level 4.5 Armour
 + Level 0.1 Dodging
 + Level 3.8 Shields
 * Level 2.0 Invocations


You had 6 spell levels left.
You didn't know any spells.
Your spell library contained the following spells:

 Spells                   Type           Power      Damage    Failure   Level
 Inner Flame              Hex/Fire       0%         N/A       100%        3
 Flame Wave               Conj/Fire      0%         2d4       100%        4
 Sticky Flame             Conj/Fire      0%         2d3       100%        4


Dungeon Overview and Level Annotations

Branches:
Dungeon (5/15)
 Temple: D:4-7

Altars:

Shops:
D:2 !


Message History

The ogre shouts!
The orc wizard shouts!
The orc shouts!
Found 2 stones, an inky potion and 17 gold pieces.
Found a stone staircase leading down.
There is a stone staircase leading up here.
An orc wizard comes into view. It is wielding a +0 dagger.
The orc wizard gestures at you while chanting.
You are confused.
The worm bites you!
In your confused state, you trip and fall back down the stairs.
The adder hisses angrily.
Unknown command.
The worm bites you. The ogre closely misses you.
In your confused state, you trip and fall back down the stairs.
A quokka comes into view.
The orc wizard hits you but does no damage.
The ogre hits you with a +0 giant club!!
The worm bites you but does no damage.
The orc wizard hits you but does no damage.
The orc hits you with a +0 flail!
In your confused state, you trip and fall back down the stairs.
You feel less confused. The worm closely misses you.
You block the orc's attack. The ogre hits you with a +0 giant club!
* * * LOW HITPOINT WARNING * * *
Okay, then.
Really quaff the potion of attraction? [Y]es or [N]o only, please.
Really quaff the potion of attraction?
You feel attractive to monsters. The orc hits you but does no damage.
The orc wizard hits you but does no damage.
The ogre hits you with a +0 giant club.
* * * LOW HITPOINT WARNING * * *
The quokka twitches its whiskers.
You block the worm's attack. You block the orc wizard's attack.
You climb upwards.
There is a stone staircase leading down here.
The orc wizard attacks as you move away!
You block the orc wizard's attack. The ogre hits you with a +0 giant club!
You die...

##### #...#############
#..w............#
#Ooo###########.###
##@########## #.##.
###..........###.##.
##.#.####............
###....# #.............
#...[..###..###.###[###
##...........# #.# #.#
#.........##.# #.# #.#
##.......###.# #.# #.#
##.....## #.# #.# #.#


You could see an ogre, a worm, an orc wizard and an orc.

Vanquished Creatures
  An ogre (D:4)
  A black bear (D:4)
  A phantom (D:4)
  A gnoll bouda (D:4)
  3 gnolls (D:4)
  4 adders
  A worm (D:3)
  2 dart slugs
  4 orcs
  6 endoplasms
  2 giant cockroaches
  7 goblins
  8 hobgoblins
  5 jackals (D:3)
  2 quokkas
  8 ball pythons
  7 bats
  7 frilled lizards
  10 kobolds
  4 rats
84 creatures vanquished.

Vanquished Creatures (others)
  An orc priest (D:3)
  An orc (D:3)
2 creatures vanquished.

Grand Total: 86 creatures vanquished

Notes
Turn   | Place    | Note
-------+----------+-------------------------------------------
     0 | D:1      | Arzdou the Hill Orc Fighter began the quest for the Orb.
     0 | D:1      | Reached XP level 1. HP: 19/19 MP: 1/1
   155 | D:1      | Reached XP level 2. HP: 27/27 MP: 2/2
   266 | D:1      | Reached skill level 3 in Axes
   412 | D:1      | Found a faded altar of an unknown god.
   592 | D:1      | Reached XP level 3. HP: 31/33 MP: 3/3
  1199 | D:2      | Reached skill level 4 in Axes
  1249 | D:2      | Reached XP level 4. HP: 30/40 MP: 4/4
  1799 | D:2      | Found Couf's Distillery.
  2841 | D:3      | Became a worshipper of Beogh the Brigand
  2856 | D:3      | Reached skill level 5 in Axes
  2856 | D:3      | Reached XP level 5. HP: 18/46 MP: 5/5
  3278 | D:4      | Noticed a black bear
  3294 | D:4      | Reached skill level 6 in Axes
  3302 | D:4      | Killed a black bear
  3303 | D:4      | Reached skill level 1 in Invocations
  3303 | D:4      | Reached XP level 6. HP: 37/53 MP: 6/6
  3442 | D:4      | Reached skill level 7 in Axes
  3756 | D:4      | Reached * piety under Beogh
  3757 | D:4      | Reached XP level 7. HP: 60/60 MP: 8/8
  3943 | D:5      | Entered Level 5 of the Dungeon
  3957 | D:4      | Slain by an ogre

Illustrated notes

Levels and vault maps discovered:
D:1:      minmay_arrival_split_and_join, layout_loops_corners,
          basic_ecumenical_altar, grunt_decor_cap
D:2:      layout_basic, serial_shops, nicolae_shop_crystal,
          corexii_hall_statues_x, minmay_tree_intersection
D:3:      layout_basic, nicolae_kite_square_tiling_tiny
D:4:      layout_loops_ring, chequers_serial_rivers_micro_b
D:5:      layout_basic, kennysheep_little_box, ebering_ghost_rock_garden

Skill      XL: |  1  2  3  4  5  6 |
---------------+-------------------+-----
Axes           | 3 4 5 6 7 |  7.3
Fighting       | 4 |  4.5
Armour         | 4 |  4.5
Invocations    | 1 2 |  2.0
Throwing       | |  0.8
Dodging        | |  0.1
Shields        | |  3.8

Action                     |  1- 3 |  4- 6 |  7- 9 || total
---------------------------+-------+-------+-------++-------
  Melee: War axe           |    91 |   144 |       ||   235
  Throw: Throwing net      |     2 |       |       ||     2
         Stone             |       |     7 |       ||     7
 Invoke: Convert to Beogh  |       |     1 |       ||     1
    Use: Scroll            |       |    12 |       ||    12
         Potion            |       |     1 |     1 ||     2
 Armour: Scale mail        |    48 |    10 |       ||    58
         Plate armour      |       |    84 |     5 ||    89
  Dodge: Dodged            |    35 |    33 |     2 ||    70
  Block: Buckler           |    17 |    38 |     4 ||    59

Table legend: (Time is in decaauts)
 A = Elapsed time spent in this place.
 B = Non-inter-level travel time spent in this place.
 C = Inter-level travel time spent in this place.
 D = Time resting spent in this place.
 E = Time spent auto-exploring this place.
 F = Levels seen in this place.
 G = Mean time per level.
                   A        B        C        D        E       F      G
               +--------+--------+--------+--------+--------+-----+--------+
         Total |   4035 |   3909 |    126 |      0 |   3143 |   5 |  807.0 |
       Dungeon |   4035 |   3909 |    126 |      0 |   3143 |   5 |  807.0 |
               +--------+--------+--------+--------+--------+-----+--------+

Top non-repeatable levels by time:
     D:3: 1094 daAuts
     D:1: 1079 daAuts
     D:2: 928 daAuts
     D:4: 920 daAuts
     D:5: 12 daAuts
